PUBA
MANITOU LAKERS @ KNOXVILLE SMOKIES
06/08/1972
 
TOP OF THE 1ST
Manitou Lakers batting - Pitching for Knoxville Smokies : LHP César Herrera
Pitching: LHP César Herrera
Batting: SHB Floyd Wilson 0-0: Ground out 4-3 (Groundball, 4, EV 90.0 MPH)
Batting: RHB Don Baylor 0-0: Ball
1-0: Ball
2-0: Ball
3-0: Called Strike
3-1: Base on Balls
Batting: RHB Jim Mason 0-0: SINGLE (Line Drive, 78M, EV 88.8 MPH)
Don Baylor to second
Batting: RHB Stu Riley 0-0: Ball
1-0: 3-RUN HOME RUN (Line Drive, 89XD, EV 111.9 MPH), Distance : 432 ft
Batting: RHB Nick Townsend 0-0: SINGLE (Line Drive, 9S, EV 93.1 MPH)
Batting: SHB José Mota 0-0: Ball
1-0: Called Strike
1-1: SINGLE (Line Drive, 4D, EV 109.4 MPH)
Nick Townsend to second
Batting: RHB Dwight Evans 0-0: Ball
1-0: Ball
2-0: Swinging Strike
2-1: Called Strike
2-2: Strikes out swinging
Batting: LHB Charlie Ervin 0-0: Ball
1-0: Ball
2-0: Called Strike
2-1: Called Strike
2-2: Foul Ball, location: 2LF
2-2: Strikes out swinging
Top of the 1st over - 3 runs, 4 hits, 0 errors, 2 left on base; Manitou 3 - Knoxville 0
BOTTOM OF THE 1ST
Knoxville Smokies batting - Pitching for Manitou Lakers : RHP Del Browning
Pitching: RHP Del Browning
Batting: RHB Cecil Olsen 0-0: Ball
1-0: Called Strike
1-1: Ground out 5-3 (Groundball, 56S, EV 81.9 MPH)
Batting: RHB Felipe Garza 0-0: Ball
1-0: Ball
2-0: Ball
3-0: Base on Balls
Batting: LHB Tony Muser 0-0: Ball
1-0: Swinging Strike
1-1: DOUBLE (Line Drive, 9LM, EV 97.5 MPH)
Felipe Garza to third
Batting: SHB John Bryant 0-0: Ball
1-0: Called Strike
1-1: SINGLE (Groundball, 4MD, EV 102.5 MPH)
Felipe Garza scores
Tony Muser to third
Runner from 3rd tries for Home, SAFE, throw by CF to home
John Bryant to second
Batting: LHB Angus Canavan 0-0: SINGLE (Groundball, 6MD, EV 110.0 MPH)
John Bryant to third
Runner from 3rd tries for Home, SAFE, throw by CF to home
Angus Canavan to second
Batting: RHB Monty Collins 0-0: Called Strike
0-1: Ball
1-1: Fly out, F8 (Flyball, 78D, EV 84.4 MPH)
Batting: RHB Leroy Schneider 0-0: Called Strike
0-1: Ball
1-1: Ball
2-1: Fly out, F6 (Line Drive, 6, EV 74.4 MPH)
Bottom of the 1st over - 3 runs, 3 hits, 0 errors, 1 left on base; Manitou 3 - Knoxville 3
TOP OF THE 2ND
Manitou Lakers batting - Pitching for Knoxville Smokies : LHP César Herrera
Batting: RHB Pedro Ordóñez 0-0: Called Strike
0-1: Ball
1-1: Foul Ball, location: 3F
1-2: Foul Ball, location: 2F
1-2: Ball
2-2: Foul Ball, location: 5F
2-2: Fly out, F9 (Flyball, 89M, EV 92.5 MPH)
Batting: SHB Floyd Wilson 0-0: Swinging Strike
0-1: Ball
1-1: Foul Ball, location: 2F
1-2: Foul Ball, location: 9LDF
1-2: Foul Ball, location: 5FF
1-2: Ground out 1-3 (Groundball, P, EV 69.4 MPH)
Batting: RHB Don Baylor 0-0: Ball
1-0: SINGLE (Line Drive, 9LS, EV 86.9 MPH)
Batting: RHB Jim Mason 0-0: Ball
Don Baylor steals 2nd base
1-0: Ball
2-0: Foul Ball, location: 9LDF
2-1: Swinging Strike
2-2: Ball
3-2: Foul Ball, location: 9LMF
3-2: Base on Balls
Batting: RHB Stu Riley 0-0: Foul Ball, location: 3F
0-1: Called Strike
0-2: Foul Ball, location: 5FF
0-2: Foul Ball, location: 25F
0-2: Ball
1-2: Ball
2-2: Ball
3-2: Strikes out looking
Top of the 2nd over - 0 runs, 1 hit, 0 errors, 2 left on base; Manitou 3 - Knoxville 3
BOTTOM OF THE 2ND
Knoxville Smokies batting - Pitching for Manitou Lakers : RHP Del Browning
Batting: RHB Joe Nelson 0-0: Ball
1-0: Ball
2-0: Called Strike
2-1: Fly out, F6 (Line Drive, 6, EV 64.4 MPH)
Batting: RHB Ken Carey 0-0: Ball
1-0: Ball
2-0: Ball
3-0: Called Strike
3-1: Base on Balls
Batting: RHB Cecil Olsen 0-0: Ball
1-0: Called Strike
1-1: Fly out, F8 (Line Drive, 8RD, EV 91.9 MPH)
Batting: RHB Felipe Garza 0-0: Fly out, F4 (Popup, 4MD, EV 50.0 MPH)
Bottom of the 2nd over - 0 runs, 0 hits, 0 errors, 1 left on base; Manitou 3 - Knoxville 3
TOP OF THE 3RD
Manitou Lakers batting - Pitching for Knoxville Smokies : LHP César Herrera
Batting: RHB Nick Townsend 0-0: Called Strike
0-1: Ball
1-1: Ball
2-1: Foul Ball, location: 5F
2-2: Ground out 5-3 (Groundball, 56S, EV 86.9 MPH)
Batting: SHB José Mota 0-0: Ball
1-0: Ball
2-0: Called Strike
2-1: Ball
3-1: Called Strike
3-2: Fly out, F7 (Flyball, 7D, EV 100.6 MPH)
Batting: RHB Dwight Evans 0-0: Ball
1-0: Called Strike
1-1: Fly out, F7 (Flyball, 7LS, EV 90.0 MPH)
Top of the 3rd over - 0 runs, 0 hits, 0 errors, 0 left on base; Manitou 3 - Knoxville 3
BOTTOM OF THE 3RD
Knoxville Smokies batting - Pitching for Manitou Lakers : RHP Del Browning
Batting: LHB Tony Muser 0-0: Called Strike
0-1: Ball
1-1: Called Strike
1-2: Fly out, F9 (Flyball, 9D, EV 104.4 MPH)
Batting: SHB John Bryant 0-0: Foul Ball, location: 2LF
0-1: Ball
1-1: Ball
2-1: Fly out, F9 (Flyball, 89D, EV 81.9 MPH)
Batting: LHB Angus Canavan 0-0: Called Strike
0-1: SOLO HOME RUN (Flyball, 9D, EV 98.8 MPH), Distance : 399 ft
Batting: RHB Monty Collins 0-0: Ground out 6-3 (Groundball, 6, EV 88.1 MPH)
Bottom of the 3rd over - 1 run, 1 hit, 0 errors, 0 left on base; Manitou 3 - Knoxville 4
TOP OF THE 4TH
Manitou Lakers batting - Pitching for Knoxville Smokies : LHP César Herrera
Batting: LHB Charlie Ervin 0-0: Ball
1-0: Ball
2-0: Called Strike
2-1: Swinging Strike
2-2: Ball
3-2: SINGLE (Line Drive, 78S, EV 93.8 MPH)
Batting: RHB Pedro Ordóñez 0-0: Sac Bunt to 25 - play at first, batter OUT! 5-3
Charlie Ervin to second
Batting: SHB Floyd Wilson 0-0: Ball
1-0: Called Strike
1-1: Swinging Strike
1-2: Fly out, F8 (Line Drive, 8RM, EV 90.0 MPH)
Batting: RHB Don Baylor 0-0: Ball
1-0: Foul Ball, location: 2F
1-1: Swinging Strike
1-2: Foul Ball, location: 3F
1-2: Foul Ball, location: 9LSF
1-2: Ground out 1-3 (Groundball, 13S, EV 73.8 MPH)
Top of the 4th over - 0 runs, 1 hit, 0 errors, 1 left on base; Manitou 3 - Knoxville 4
BOTTOM OF THE 4TH
Knoxville Smokies batting - Pitching for Manitou Lakers : RHP Del Browning
Batting: RHB Leroy Schneider 0-0: Ball
1-0: Ball
2-0: Called Strike
2-1: Fly out, F9 (Flyball, 9, EV 81.3 MPH)
Batting: RHB Joe Nelson 0-0: Ball
1-0: SINGLE (Groundball, 4MS, EV 66.3 MPH) (infield hit)
Batting: RHB Ken Carey 0-0: Called Strike
0-1: Ball
1-1: Swinging Strike
1-2: Strikes out swinging
Batting: RHB Cecil Olsen 0-0: Called Strike
0-1: Ball
1-1: Ball
2-1: Swinging Strike
2-2: Strikes out swinging
Bottom of the 4th over - 0 runs, 1 hit, 0 errors, 1 left on base; Manitou 3 - Knoxville 4
TOP OF THE 5TH
Manitou Lakers batting - Pitching for Knoxville Smokies : LHP César Herrera
Batting: RHB Jim Mason 0-0: Called Strike
0-1: Ball
1-1: Foul Ball, location: 2F
1-2: Strikes out swinging
Batting: RHB Stu Riley 0-0: Ground out 6-3 (Groundball, 6, EV 87.5 MPH)
Batting: RHB Nick Townsend 0-0: Ball
1-0: Ball
2-0: Ball
3-0: Called Strike
3-1: Base on Balls
Batting: SHB José Mota 0-0: Foul Ball, location: 3SF
0-1: Ground out 1-3 (Groundball, 34S, EV 66.9 MPH)
Top of the 5th over - 0 runs, 0 hits, 0 errors, 1 left on base; Manitou 3 - Knoxville 4
BOTTOM OF THE 5TH
Knoxville Smokies batting - Pitching for Manitou Lakers : RHP Del Browning
Batting: RHB Felipe Garza 0-0: Swinging Strike
0-1: Ball
1-1: Ball
2-1: Called Strike
2-2: Strikes out swinging
Batting: LHB Tony Muser 0-0: Swinging Strike
0-1: Ball
1-1: SINGLE (Groundball, 6MD, EV 96.3 MPH)
Batting: SHB John Bryant 0-0: Ball
1-0: Ball
Tony Muser steals 2nd base
2-0: Called Strike
2-1: SINGLE (Line Drive, 7S, EV 103.1 MPH)
Tony Muser to third
Batting: LHB Angus Canavan 0-0: Grounds into double play, 6-4-3 (Groundball, 6, EV 85.0 MPH)
Bottom of the 5th over - 0 runs, 2 hits, 0 errors, 1 left on base; Manitou 3 - Knoxville 4
TOP OF THE 6TH
Manitou Lakers batting - Pitching for Knoxville Smokies : LHP César Herrera
Pitching: RHP Alec Distaso
Batting: RHB Dwight Evans 0-0: Called Strike
0-1: Swinging Strike
0-2: Ball
1-2: Ball
2-2: Strikes out swinging
Batting: LHB Charlie Ervin 0-0: Ground out 5-3 (Groundball, 5L, EV 106.9 MPH)
Batting: RHB Pedro Ordóñez 0-0: Ball
1-0: Foul Ball, location: 23F
1-1: Fly out, F9 (Flyball, 9, EV 76.9 MPH)
Top of the 6th over - 0 runs, 0 hits, 0 errors, 0 left on base; Manitou 3 - Knoxville 4
BOTTOM OF THE 6TH
Knoxville Smokies batting - Pitching for Manitou Lakers : RHP Del Browning
Batting: RHB Monty Collins 0-0: Called Strike
0-1: Foul Ball, location: 9LMF
0-2: Foul Ball, location: 3SF
0-2: Foul Ball, location: 2F
0-2: Foul Ball, location: 9LSF
0-2: Ball
1-2: Fly out, F8 (Flyball, 8LXD, EV 96.9 MPH)
Batting: RHB Leroy Schneider 0-0: Foul Ball, location: 23F
0-1: Ground out 3-1 (Groundball, 34S, EV 82.5 MPH)
Batting: RHB Joe Nelson 0-0: Ball
1-0: Fly out, F6 (Popup, 6D, EV 45.6 MPH)
Bottom of the 6th over - 0 runs, 0 hits, 0 errors, 0 left on base; Manitou 3 - Knoxville 4
TOP OF THE 7TH
Manitou Lakers batting - Pitching for Knoxville Smokies : RHP Alec Distaso
Batting: SHB Floyd Wilson 0-0: Ball
1-0: Ground out 3-1 (Groundball, 34S, EV 86.9 MPH)
Batting: RHB Don Baylor 0-0: Called Strike
0-1: Ball
1-1: Ball
2-1: Foul Ball, location: 5F
2-2: Strikes out swinging
Batting: RHB Jim Mason 0-0: Foul Ball, location: 2F
0-1: Foul Ball, location: 5FF
0-2: Fly out, F7 (Flyball, 7D, EV 84.4 MPH)
Top of the 7th over - 0 runs, 0 hits, 0 errors, 0 left on base; Manitou 3 - Knoxville 4
BOTTOM OF THE 7TH
Knoxville Smokies batting - Pitching for Manitou Lakers : RHP Del Browning
Batting: RHB Ken Carey 0-0: Called Strike
0-1: Ball
1-1: Ball
2-1: Foul Ball, location: 2F
2-2: Foul Ball, location: 2F
2-2: Foul Ball, location: 2F
2-2: Foul Ball, location: 9LSF
2-2: Ground out 5-3 (Groundball, 56, EV 88.8 MPH)
Batting: RHB Cecil Olsen 0-0: Ball
1-0: SINGLE (Line Drive, 4D, EV 98.8 MPH)
Batting: RHB Felipe Garza 0-0: Hit by Pitch
Cecil Olsen to second
Batting: LHB Tony Muser 0-0: Called Strike
0-1: Ball
1-1: Hit by Pitch
Cecil Olsen to third
Felipe Garza to second
Batting: SHB John Bryant 0-0: Called Strike
0-1: Called Strike
0-2: Foul Ball, location: 2F
0-2: Ball
1-2: Foul Ball, location: 5F
1-2: Ball
2-2: Fly out, F9 (Line Drive, 89D, EV 87.5 MPH)
Runner from 3rd tags up, SCORES, throw by RF
Felipe Garza to third
Pitching: RHP Bob Mitchell
Batting: LHB Angus Canavan 0-0: Called Strike
0-1: Ball
1-1: Foul Ball, location: 7LDF
1-2: Ball
2-2: Foul Ball, location: 3F
2-2: Strikes out looking
Bottom of the 7th over - 1 run, 1 hit, 0 errors, 2 left on base; Manitou 3 - Knoxville 5
TOP OF THE 8TH
Manitou Lakers batting - Pitching for Knoxville Smokies : RHP Alec Distaso
Pinch Hitting: LHB Vern Stone 0-0: Fly out, F8 (Flyball, 8LS, EV 85.6 MPH)
Batting: RHB Nick Townsend 0-0: Ball
1-0: SINGLE (Groundball, 4MD, EV 98.8 MPH)
Batting: SHB José Mota 0-0: Ball
1-0: Ball
2-0: Called Strike
2-1: Fielders Choice at 2nd, 3-6 (Groundball, 3, EV 88.1 MPH)
Batting: RHB Dwight Evans 0-0: Ball
Wild Pitch!
José Mota to second
1-0: Foul Ball, location: 3F
1-1: Swinging Strike
1-2: Ball
2-2: Ball
3-2: Foul Ball, location: 5FF
3-2: Base on Balls
Pinch Runner at 2nd Alonso Magana:
Batting: LHB Charlie Ervin 0-0: Called Strike
0-1: Ball
1-1: Fly out, F8 (Flyball, 8RM, EV 85.6 MPH)
Top of the 8th over - 0 runs, 1 hit, 0 errors, 2 left on base; Manitou 3 - Knoxville 5
BOTTOM OF THE 8TH
Knoxville Smokies batting - Pitching for Manitou Lakers : RHP Bob Mitchell
Now at SS: Alonso Magana
Now in LF: Vern Stone
Batting: RHB Monty Collins 0-0: Foul Ball, location: 9LDF
0-1: Called Strike
0-2: Ball
1-2: Ball
2-2: Fly out, F8 (Flyball, 8LXD, EV 107.5 MPH)
Batting: RHB Leroy Schneider 0-0: Ball
1-0: Ball
2-0: Foul Ball, location: 9LSF
2-1: Foul Ball, location: 2F
2-2: Strikes out swinging
Batting: RHB Joe Nelson 0-0: Ball
1-0: Ball
2-0: Called Strike
2-1: Swinging Strike
2-2: Strikes out swinging
Bottom of the 8th over - 0 runs, 0 hits, 0 errors, 0 left on base; Manitou 3 - Knoxville 5
TOP OF THE 9TH
Manitou Lakers batting - Pitching for Knoxville Smokies : RHP Alec Distaso
Now at 2B: Joe Nelson
Now in LF: Angus Canavan
Now in RF: Anastasio Lona
Pinch Hitting: SHB Brian Copeland 0-0: Ball
1-0: Ball
2-0: Called Strike
2-1: Called Strike
2-2: Foul Ball, location: 9LSF
2-2: SINGLE (Line Drive, 34, EV 98.8 MPH)
Pitching: RHP Warren Hudson
Batting: SHB Floyd Wilson 0-0: Called Strike
0-1: Ball
1-1: Swinging Strike
1-2: Foul Ball, location: 2F
1-2: Strikes out looking
Batting: RHB Don Baylor 0-0: Ball
1-0: SINGLE (Groundball, P, EV 84.4 MPH) (infield hit)
Brian Copeland to second
Batting: RHB Jim Mason 0-0: Foul Ball, location: 5F
0-1: Ball
1-1: Foul Ball, location: 9LMF
1-2: Strikes out looking
Batting: LHB Vern Stone 0-0: Ball
1-0: Foul Ball, location: 2F
1-1: Called Strike
1-2: DOUBLE (Flyball, 8RXD, EV 98.8 MPH)
Brian Copeland scores
Don Baylor to third
Runner from 3rd tries for Home, SAFE, no throw by CF
Batting: RHB Nick Townsend 0-0: Intentional Walk
Batting: RHB Alonso Magana 0-0: Foul Ball, location: 7LSF
0-1: SINGLE (Line Drive, 89S, EV 100.6 MPH)
Vern Stone to third
Nick Townsend to second
Runner from 3rd tries for Home, SAFE, throw by RF to home
Batting: RHB Dwight Evans 0-0: Called Strike
0-1: SINGLE (Line Drive, 7S, EV 92.5 MPH)
Nick Townsend to third
Alonso Magana to second
Runner from 3rd tries for Home, SAFE, throw by LF to home
Batting: LHB Charlie Ervin 0-0: Swinging Strike
0-1: Ball
1-1: SINGLE (Groundball, P, EV 86.9 MPH) (infield hit)
Alonso Magana to third
Dwight Evans to second
Batting: SHB Brian Copeland 0-0: Foul Ball, location: 25FF
0-1: Ball
1-1: Called Strike
1-2: Fly out, F8 (Flyball, 78D, EV 102.5 MPH)
Top of the 9th over - 4 runs, 6 hits, 0 errors, 3 left on base; Manitou 7 - Knoxville 5
BOTTOM OF THE 9TH
Knoxville Smokies batting - Pitching for Manitou Lakers : RHP Bob Mitchell
Pitching: RHP Jim York
Now at C: Fernando Guillén
Pinch Hitting: LHB Bernie Carbo 0-0: Called Strike
0-1: Ball
1-1: Ball
2-1: Ground out U3 (Groundball, 34, EV 82.5 MPH)
Pinch Hitting: RHB Luis Alvarado 0-0: Ball
1-0: Fly out, F9 (Flyball, 89M, EV 99.4 MPH)
Batting: RHB Anastasio Lona 0-0: SINGLE (Groundball, P, EV 87.5 MPH) (infield hit)
Batting: LHB Tony Muser 0-0: Ball
1-0: Ball
2-0: Called Strike
2-1: Ball
3-1: Base on Balls
Anastasio Lona to second
Batting: SHB John Bryant 0-0: Ball
1-0: Ball
2-0: Fly out, F5 (Popup, 25, EV 82.5 MPH)
Bottom of the 9th over - 0 runs, 1 hit, 0 errors, 2 left on base; Manitou 7 - Knoxville 5
Monday, March 25th , 2024 - OOTP Baseball 24.8 Build 75